Unix NetHack Version 3.7.0-71 Work-in-progress - last build Jan 31 2023 02:41:03 (7ba98a1283f2b7cec35fde026edb48fc825ab8ae,branch:master). Game began 2023-02-05 14:18:18, ended 2023-02-05 17:08:56. nmlkj, chaotic male human Wizard - ..... |.h... |@--.< ---|.. Nmlkj the Conjurer St:8 Dx:11 Co:16 In:18 Wi:14 Ch:8 Chaotic S:798 Dlvl:6 $:40 HP:0(36) Pw:57(60) AC:6 Xp:4/122 T:1704 Satiated Burdened Latest messages: The little dog picks up a violet gem. The little dog drops a violet gem. You see here a thin spellbook. The little dog picks up a violet gem. You have a little trouble lifting E - a thin spellbook. You fall into a pit! You are still in a pit. You crawl to the edge of the pit. The little dog drops a violet gem. You swap places with your little dog. The coyote falls into a pit! The coyote is killed! Suddenly, the little dog disappears out of sight. The coyote falls into a pit! The coyote just misses! You hit the coyote. The coyote bites! The coyote bites! You kill the coyote! You swap places with your dog. You fall down the stairs. You hear an E flat squeak in the distance. You hear crashing rock. You hear some noises. The flagon crashes on your head and breaks into shards. The brown potion evaporates. You feel somewhat dizzy. Call a brown potion: You hear crashing rock. You feel less confused now. You hear some noises. You miss the dwarf. The dwarf swings her pick-axe. The dwarf hits! The dwarf swings her pick-axe. The dwarf hits! You miss the dwarf. The dwarf swings her pick-axe. The dwarf hits! You miss the dwarf. The dwarf swings her pick-axe. The dwarf hits! It bites the dwarf. The dwarf swings her pick-axe at it. The dwarf hits it. Are you sure you want to pray? [yn] (n) y You begin praying to Anhur. The dwarf swings her pick-axe. The dwarf hits! You die... Inventory: Coins $ - 40 gold pieces Weapons a - a blessed +1 quarterstaff (weapon in hands) Armor r - a blessed +0 orcish helm (being worn) s - an uncursed +0 pair of iron shoes (being worn) b - an uncursed +0 cloak of magic resistance (being worn) o - an uncursed +0 bronze plate mail Scrolls q - a cursed scroll of charging j - an uncursed scroll of destroy armor A - 2 uncursed scrolls of destroy armor v - an uncursed scroll of enchant armor k - an uncursed scroll of identify i - an uncursed scroll of remove curse Spellbooks m - an uncursed spellbook of cause fear z - an uncursed spellbook of cone of cold l - a blessed spellbook of force bolt E - an uncursed spellbook of invisibility Potions g - an uncursed potion of levitation h - an uncursed potion of sickness f - an uncursed potion of water Rings d - an uncursed +2 ring of adornment e - an uncursed ring of invisibility named semi-Elbereth p - an uncursed ring of slow digestion named semi-Elbereth Wands y - a blessed wand of sleep (0:6) D - a wand of speed monster (0:6) c - a wand of striking (0:6) Tools x - an uncursed skeleton key Gems/Stones t - an uncursed worthless piece of green glass u - 3 uncursed worthless pieces of yellow glass Nmlkj the Wizard's attributes: Background: You were a Conjurer, a level 4 male human Wizard. You were chaotic, on a mission for Anhur who was opposed by Ptah (lawful) and Thoth (neutral). You were in the Gnomish Mines, on level 6. You entered the dungeon 1704 turns ago. There was a full moon in effect when your adventure ended. You had 122 experience points, 38 more were needed to attain level 5. Your score was 798 before end-of-game adjustments. Basics: You had 0 out of 36 hit points. You had 57 out of 60 energy points (spell power). Your armor class was 6. Your wallet contained 40 zorkmids. Autopickup was on for '$' plus thrown. Final Characteristics: Your strength was 8 (limit:18/100). Your dexterity was 11 (limit:18). Your constitution was 16 (limit:18). Your intelligence was 18 (limit:18). Your wisdom was 14 (limit:18). Your charisma was 8 (limit:18). Final Status: You were satiated. You were burdened; movement was slightly slowed. You were wielding a quarterstaff. You had basic skill with quarterstaff. Final Attributes: You were devoutly aligned. You were magic-protected. You were warded. You were lucky. You are dead. Miscellaneous: You disabled loading of bones levels. Total elapsed playing time was 18 minutes and 18 seconds. Major events: Turn 1: nmlkj the chaotic male human Wizard entered the dungeon 681: attained the rank of Conjurer (level 3) 1316: entered the Gnomish Mines 1704: killed by a dwarf, while praying Vanquished creatures: a rock mole a fog cloud a shrieker 2 gnome leaders a giant ant a floating eye a dwarf a giant bat 2 werejackals 2 coyotes a hobbit a brown mold 10 gnomes a gnome zombie a gecko 3 jackals 3 goblins a sewer rat 4 grid bugs 2 lichens 5 newts 45 creatures vanquished. No species were genocided or became extinct. Voluntary challenges: You read items or engraved 4 times. You engraved Elbereth 2 times. You never genocided any monsters. You never polymorphed an object. You used no wishes. Achievements: You entered a shop. You attained the rank of Conjurer. You entered the Gnomish Mines. The Dungeons of Doom: levels 1 to 4 Level 1: Level 2: A general store. Level 3: A tree. Level 4: Stairs down to The Gnomish Mines. The Gnomish Mines: levels 5 to 6 Level 5: Level 6: <- You were here. Final resting place for you, killed by a dwarf, while praying. Game over: ---------- / \ / REST \ / IN \ / PEACE \ / \ | nmlkj | | 40 Au | | killed by a | | dwarf | | | | | | 2023 | *| * * * | * _________)/\\_//(\/(/\)/\//\/|_)_______ Goodbye nmlkj the Wizard... You died in The Gnomish Mines on dungeon level 6 with 794 points, and 40 pieces of gold, after 1704 moves. You were level 4 with a maximum of 36 hit points when you died.